Map: [ESL] Oceanborn

Players

Classic - Winner!

  • Race: Protoss Protoss
  • Spawn Location: 11:00

Elazer

  • Race: Zerg Zerg
  • Spawn Location: 5:00

Event: ESL Spring 2024 Finals

VOD

Have the link to the VOD?

Description

Time

  • Played on: June 1, 2024, 11:49 a.m.
  • Length: 11:58

All games in this series

Show
View Real Time Build Order
Export as new Build Order

Classic Protoss - Winner!

Build Orders: 1 Gate Expand, Oracle Opening, Zealot Archon 

Get SALT Encoding   

  12  0:00  Probe  
  13  0:12  Probe  
  14  0:19  Pylon  
  14  0:24  Probe  
  15  0:37  Gateway, Probe (Chrono Boost)  
  16  0:46  Assimilator, Probe (Chrono Boost)  
  17  0:51  Probe (Chrono Boost)  
  18  1:03  Probe  
  19  1:15  Probe  
  20  1:24  Nexus  
  20  1:27  Probe  
  21  1:37  Cybernetics Core  
  22  1:40  Probe  
  22  1:45  Assimilator  
  22  1:52  Pylon  
  22  1:54  Probe  
  23  2:10  Adept (Chrono Boost), Probe  
  26  2:15  Stargate  
  26  2:22  Probe  
  27  2:24  Warp Gate  
  27  2:35  Probe (Chrono Boost)  
  27  2:36  Stalker  
  30  2:37  Probe (Chrono Boost)  
  32  2:46  Probe x2 (Chrono Boost)  
  32  2:50  Probe (Chrono Boost)  
  33  2:51  Probe (Chrono Boost)  
  35  2:59  Oracle (Chrono Boost)  
  35  3:02  Probe  
  35  3:04  Probe  
  40  3:07  Pylon  
  40  3:15  Probe  
  40  3:16  Probe  
  42  3:20  Gateway  
  43  3:27  Oracle (Chrono Boost), Probe  
  43  3:28  Probe  
  47  3:39  Probe  
  47  3:40  Probe  
  49  3:44  Nexus  
  49  3:46  Pylon  
  49  3:51  Probe  
  49  3:52  Probe  
  49  3:54  Assimilator  
  51  3:56  Assimilator  
  51  4:00  Oracle  
  54  4:04  Probe x2  
  54  4:07  Pylon  
  56  4:15  Adept x2  
  60  4:19  Probe x2  
  62  4:26  Twilight Council  
  62  4:29  Forge  
  62  4:31  Probe x2  
  64  4:37  Adept x2  
  68  4:44  Probe x2  
  70  4:45  Gateway  
  70  4:50  Gateway  
  70  4:54  Gateway  
  70  5:02  Probe x2  
  72  5:09  Protoss Ground Weapons Level 1  
  72  5:11  Blink  
  72  5:12  Probe  
  72  5:14  Gateway, Probe  
  72  5:15  Probe  
  71  5:25  Probe (Chrono Boost)  
  71  5:26  Probe (Chrono Boost)  
  71  5:27  Probe (Chrono Boost)  
  68  5:33  Templar Archives  
  70  5:36  Probe (Chrono Boost)  
  70  5:37  Shield Battery, Probe x2 (Chrono Boost)  
  70  5:38  Stalker x2  
  70  5:41  Probe (Chrono Boost)  
  70  5:42  Probe (Chrono Boost)  
  76  5:44  Assimilator  
  76  5:46  Robotics Facility  
  76  5:47  Assimilator  
  77  5:50  Pylon  
  77  5:51  Probe  
  77  5:52  Probe  
  79  6:00  Pylon  
  79  6:01  Probe  
  79  6:03  Probe  
  79  6:04  Probe, Psionic Storm  
  82  6:19  Gateway  
  82  6:21  Gateway  
  82  6:24  Stalker x5  
  92  6:30  Pylon  
  92  6:33  Immortal (Chrono Boost)  
  92  6:38  High Templar  
  98  6:40  Shield Battery  
  98  6:49  High Templar  
  98  6:53  Pylon  
  100  6:56  Stalker x3  
  100  6:57  Stalker  
  100  7:00  Shield Battery  
  108  7:02  Pylon  
  108  7:04  Shield Battery, Photon Cannon  
  108  7:08  Photon Cannon  
  108  7:09  Shield Battery  
  108  7:10  Immortal (Chrono Boost)  
  108  7:15  Stalker  
  114  7:19  Pylon  
  112  7:24  Stalker x3  
  112  7:27  Stalker  
  116  7:30  Stalker  
  118  7:43  Stalker, Archon  
  116  7:48  Stalker x3  
  116  7:50  Stalker x2  
  119  7:56  Stalker x2  
  123  8:01  Immortal  
  125  8:13  Probe x3  
  125  8:18  Zealot  
  125  8:19  High Templar  
  132  8:21  Pylon  
  132  8:23  Pylon  
  132  8:34  Nexus  
  132  8:35  Pylon  
  111  8:56  Protoss Ground Weapons Level 2 (Chrono Boost)  
  111  8:58  Zealot x4, High Templar x4  
  111  8:59  Immortal (Chrono Boost)  
  127  9:03  Charge  
  127  9:08  Probe x3  
  130  9:10  Photon Cannon  
  130  9:11  Shield Battery  
  130  9:14  Pylon  
  130  9:20  Probe  
  131  9:25  Robotics Facility  
  131  9:28  Immortal (Chrono Boost)  
  135  9:32  High Templar  
  135  9:34  Assimilator, Stalker x2  
  135  9:35  Stalker  
  135  9:36  Assimilator  
  135  9:37  Pylon  
  143  9:39  Probe  
  143  9:41  Probe x2  
  143  9:44  Zealot  
  148  9:47  Zealot  
  148  9:51  Probe  
  150  9:58  Observer (Chrono Boost)  
  151  10:01  Probe x2  
  151  10:03  Probe  
  151  10:06  Pylon  
  154  10:10  Immortal (Chrono Boost)  
  160  10:14  High Templar x4  
  160  10:16  Warp Prism (Chrono Boost)  
  160  10:18  Archon x2, Photon Cannon  
  160  10:20  Photon Cannon  
  168  10:27  Photon Cannon  
  168  10:29  Zealot  
  168  10:30  Pylon  
  168  10:34  High Templar x2  
  168  10:35  Zealot  
  174  10:38  Archon  
  174  10:47  High Templar x2  
  174  10:48  Zealot x2  
  182  10:50  Pylon  
  182  10:55  Archon  
  181  10:58  Zealot  
  183  11:06  Zealot x2  
  183  11:07  Zealot  
  189  11:15  Immortal  
  181  11:20  Warp Prism  
  181  11:22  Nexus  
  181  11:23  Pylon, High Templar x4  
  181  11:24  Zealot  
  183  11:29  Archon x2  
  179  11:51  Zealot x4  
Show
View Real Time Build Order
Export as new Build Order

Elazer Zerg 

Build Orders: Hatch First 

Get SALT Encoding   

  12  0:00  Drone  
  13  0:11  Overlord  
  13  0:17  Drone  
  14  0:30  Drone x2  
  16  0:48  Hatchery  
  15  0:51  Drone  
  15  0:54  Drone  
  17  0:57  Drone  
  18  1:08  Extractor  
  17  1:12  Spawning Pool  
  17  1:16  Drone  
  17  1:20  Drone  
  18  1:28  Drone  
  19  1:39  Drone  
  20  1:49  Drone  
  21  1:59  Queen  
  21  2:00  Queen  
  26  2:01  Zergling x2, Overlord  
  26  2:10  Drone x2  
  26  2:13  Metabolic Boost  
  28  2:20  Drone  
  28  2:21  Drone  
  30  2:36  Hatchery  
  29  2:40  Queen  
  29  2:42  Drone  
  32  2:45  Drone  
  32  2:48  Overlord  
  33  2:56  Drone x3  
  36  3:05  Overlord  
  36  3:06  Queen  
  36  3:12  Drone x3  
  41  3:14  Drone  
  42  3:25  Queen  
  42  3:26  Overlord  
  44  3:28  Drone x2  
  44  3:30  Spore Crawler  
  44  3:32  Overlord  
  45  3:37  Drone  
  46  3:42  Spore Crawler  
  46  3:45  Drone x3  
  46  3:48  Drone x4  
  52  3:49  Drone  
  52  3:55  Queen  
  53  4:04  Drone x3  
  56  4:10  Drone x5  
  56  4:12  Evolution Chamber  
  56  4:13  Drone  
  61  4:21  Drone  
  60  4:25  Drone x4  
  60  4:30  Overlord  
  63  4:31  Drone  
  63  4:35  Drone x2  
  63  4:38  Zerg Melee Weapons Level 1  
  66  4:39  Roach Warren  
  66  4:40  Drone  
  66  4:41  Overlord  
  66  4:46  Overlord  
  66  4:49  Zergling x14  
  72  4:58  Drone  
  72  4:59  Drone x2  
  75  5:05  Hatchery  
  73  5:08  Overlord  
  73  5:12  Drone x8  
  77  5:19  Spore Crawler  
  74  5:23  Drone x4  
  74  5:26  Extractor  
  74  5:27  Extractor  
  71  5:28  Lair  
  71  5:29  Drone x2  
  71  5:33  Overlord, Extractor  
  71  5:35  Zergling x2  
  74  5:40  Zergling x14  
  81  5:42  Overlord  
  81  5:53  Zergling x8  
  81  5:54  Spore Crawler, Pneumatized Carapace  
  81  5:55  Zergling x2  
  81  5:56  Zergling x2  
  86  6:06  Drone x4  
  86  6:08  Drone x2  
  87  6:17  Zergling x16  
  95  6:21  Overlord  
  95  6:26  Overlord  
  94  6:36  Roach x7  
  108  6:41  Roach x2  
  108  6:44  Roach x4  
  120  6:47  Overlord  
  120  6:48  Roach  
  120  6:49  Roach x2  
  120  6:53  Overlord x2  
  126  6:59  Zergling x6  
  126  7:00  Ravager x3  
  132  7:07  Zergling x8  
  136  7:10  Zergling x2  
  137  7:16  Ravager x2  
  137  7:19  Zergling x10  
  142  7:25  Zergling x4  
  142  7:27  Zergling x2  
  143  7:30  Overlord  
  143  7:31  Queen  
  143  7:33  Queen  
  143  7:37  Queen x2  
  143  7:40  Zergling x12  
  135  7:46  Zergling x8  
  129  7:55  Zergling x8  
  114  7:59  Zergling x2  
  114  8:00  Zergling x4  
  114  8:01  Zerg Melee Weapons Level 2  
  114  8:04  Zergling x8  
  90  8:13  Queen  
  90  8:14  Drone  
  90  8:16  Queen x3  
  90  8:18  Zergling x2  
  90  8:19  Zergling x4  
  102  8:32  Zergling x14  
  107  8:35  Overseer  
  107  8:39  Zergling x6  
  104  8:43  Zergling x6  
  104  8:46  Zergling x14  
  102  8:48  Zergling x2  
  102  8:49  Zergling x2  
  102  8:52  Queen x4  
  104  8:56  Zergling x8  
  104  8:59  Zergling x4  
  104  9:03  Zergling x2  
  104  9:08  Zergling x4  
  107  9:15  Zergling x8  
  111  9:21  Zergling x4  
  111  9:22  Hydralisk Den  
  111  9:26  Zergling x8  
  111  9:30  Hatchery  
  114  9:33  Drone x10  
  114  9:37  Drone  
  118  9:39  Spore Crawler  
  118  9:40  Spore Crawler, Overlord  
  118  9:43  Drone  
  114  9:47  Overlord  
  114  9:48  Drone  
  114  9:49  Drone  
  114  9:51  Overlord  
  114  9:53  Drone  
  114  9:54  Grooved Spines  
  116  10:00  Hydralisk x7  
  116  10:05  Hydralisk x2  
  134  10:11  Drone, Infestation Pit  
  134  10:12  Hydralisk x2  
  138  10:15  Hydralisk x2  
  138  10:19  Hydralisk  
  144  10:25  Hydralisk  
  144  10:26  Hydralisk x3  
  152  10:30  Overlord  
  152  10:34  Drone  
  152  10:35  Lurker Den  
  152  10:36  Drone, Overlord x2  
  152  10:37  Extractor  
  152  10:39  Overlord  
  152  10:41  Overlord  
  152  10:42  Overlord  
  151  10:44  Overlord  
  151  10:46  Overlord  
  148  11:03  Hydralisk  
  148  11:04  Hydralisk x8  
  153  11:14  Hydralisk x4  
  141  11:20  Hydralisk x2  
  138  11:26  Zergling x14  
  138  11:31  Zergling x10  
  146  11:37  Zergling x4  
  146  11:39  Zergling x2  
  149  11:40  Zergling x8  
Tags
 
Add a new tag
Caveats
  • Supply blocks, unpowered buildings, or Contaminate may cause inaccurate times.
  • Supply counts are checked every 10 seconds.